 Dungeon Crawl Stone Soup version 0.25-a0-942-g87a5396 (webtiles) character file.

Game seed: 3980331045877294104, levelgen mode: deterministic

159 DrEnzyme the Skirmisher (level 5, -1/35 HPs)
             Began as a Kobold Wanderer on May 7, 2020.
             Slain by an orc
             ... wielding a +0 mace
              (7 damage)
             ... on level 3 of the Dungeon.
             The game lasted 00:03:54 (3417 turns).

DrEnzyme the Skirmisher (Kobold Wanderer)           Turns: 3417, Time: 00:03:55

Health: -1/35      AC:  7    Str: 10    XL:     5   Next: 68%
Magic:  6/6        EV: 13    Int: 13    God:
Gold:   134        SH:  0    Dex: 15    Spells: 6/6 levels left

rFire    . . .     SeeInvis .   a - +2 hand axe
rCold    . . .     Gourm    .   (shield restricted)
rNeg     . . .     Faith    .   b - +0 ring mail
rPois    .         Spirit   .   t - +1 hat
rElec    .         Reflect  .   (no cloak)
rCorr    .         Harm     .   (no gloves)
MR       .....                  m - +0 pair of boots
Stlth    +.........             (no amulet)
HPRegen  0.11/turn              (no ring)
MPRegen  0.10/turn              (no ring)

@: no status effects
A: small, carnivore
a: no special abilities


You were on level 3 of the Dungeon.
You were very full.

You visited 1 branch of the dungeon, and saw 3 of its levels.

You collected 134 gold pieces.

Inventory:

Hand Weapons
 a - a +2 hand axe (weapon)
Missiles
 k - 2 throwing nets (quivered)
 n - 50 sling bullets
 o - 94 stones
Armour
 b - a +0 ring mail (worn)
 m - a +0 pair of boots (worn)
 t - a +1 hat (worn)
Jewellery
 g - an uncursed amulet of the gourmand {unknown}
 i - an uncursed ring of magical power {unknown}
 r - an uncursed ring of magical power {unknown}
Wands
 v - a wand of paralysis (4)
Scrolls
 c - a scroll of teleportation
 d - 4 scrolls of identify {unknown}
 j - a scroll of remove curse {unknown}
 l - a scroll of fog {unknown}
 q - a scroll of amnesia {unknown}
Potions
 e - a potion of curing
 h - a potion of resistance {unknown}
 p - a potion of haste {unknown}
 s - a potion of might
Comestibles
 f - 3 rations
 u - 7 chunks of flesh


   Skills:
 * Level 5.0 Fighting
 * Level 2.6 Axes
 - Level 1.1 Throwing
 + Level 1.3 Armour
 + Level 1.7 Dodging
 - Level 1.3 Stealth
 - Level 1.1 Spellcasting
   Level 2.0 Summonings


You had 6 spell levels left.
You didn't know any spells.
Your spell library was empty.

Dungeon Overview and Level Annotations

Branches:
Dungeon (3/15)

Altars:
Elyvilon


Innate Abilities, Weirdness & Mutations

You are small and have problems with some larger weapons.
You are carnivorous and can eat meat at any time.


Message History

The orc wizard is heavily wounded.
You hit the orc.
You kill the orc!
An orc comes into view. It is wielding a +0 mace.
The orc wizard hits you but does no damage.
Your ring mail prevents you from hitting the orc wizard.
The orc wizard is heavily wounded.
You barely miss the orc. The orc hits you with a +0 mace.
* * * LOW HITPOINT WARNING * * *
The orc wizard gestures at you while chanting.
The puff of flame misses you.
You feel better.
The orc wizard gestures at you while chanting.
The puff of flame hits you! The orc hits you with a +0 mace.
* * * LOW HITPOINT WARNING * * *
You miss the orc wizard.
The orc wizard is heavily wounded.
You closely miss the orc. The orc wizard closely misses you.
The orc hits you with a +0 mace!
You die...

††...# ..†.<+
.....#
........
.....#### #
##.### #. #.#
#.### #.#
#.oo# ##.#
#@# ##.##
######.# #...
#......# #..#
#.######
#..########.#
#..#!.....#.#
#..#......#.#
............#
...#......###


You could see an orc wizard and an orc.

Vanquished Creatures
  An orc priest (D:3)
  4 adders
  An ooze (D:2)
  A worm (D:2)
  5 dart slugs (D:1)
  A leopard gecko (D:1)
  5 orcs (D:3)
  2 ball pythons
  2 giant cockroaches
  8 goblins
  7 hobgoblins
  11 jackals
  8 kobolds
  A quokka (D:2)
  3 bats
  A frilled lizard (D:2)
  3 rats (D:1)
64 creatures vanquished.

Notes
Turn   | Place    | Note
-------+----------+-------------------------------------------
     0 | D:1      | DrEnzyme the Kobold Wanderer began the quest for the Orb.
     0 | D:1      | DrEnzyme set off with the following items: a +2 hand axe, a
                  | +0 ring mail, a scroll of teleportation, a ration
     0 | D:1      | Reached XP level 1. HP: 14/14 MP: 2/2
   218 | D:1      | Reached XP level 2. HP: 20/20 MP: 3/3
   247 | D:1      | Reached skill level 4 in Fighting
   554 | D:1      | Reached XP level 3. HP: 17/24 MP: 4/4
  1848 | D:2      | Reached XP level 4. HP: 26/30 MP: 5/5
  1950 | D:2      | Found a white marble altar of Elyvilon.
  2920 | D:2      | Reached skill level 1 in Dodging
  3116 | D:3      | Reached XP level 5. HP: 27/34 MP: 6/6
  3389 | D:3      | Reached skill level 5 in Fighting
  3417 | D:3      | Slain by an orc

Levels and vault maps discovered:
D:1:      roderic_crop_circles_arrival_small, layout_basic
D:2:      layout_loops_ring, elyvilon_altar_1
D:3:      layout_basic

Skill      XL: |  1  2  3  4  5 |
---------------+----------------+-----
Fighting       | 4 5 |  5.0
Axes           | 2 |  2.6
Dodging        | 1 |  1.7
Throwing       | |  1.1
Armour         | |  1.3
Stealth        | |  1.3
Spellcasting   | |  1.1
Summonings     | |  2.0

Action                   |  1- 3 |  4- 6 || total
-------------------------+-------+-------++-------
Melee: Hand axe          |    86 |   134 ||   220
  Use: Potion            |       |     2 ||     2
       Scroll            |       |     1 ||     1
  Eat: Chunk             |     9 |     7 ||    16
Armor: Ring mail         |    35 |    59 ||    94
Dodge: Dodged            |    56 |   112 ||   168

Table legend:
 A = Non-vault XP
 B = Vault XP
 C = Vault XP percentage of total XP
 D = Non-vault monster count
 E = Vault monster count
 F = Vault count percentage of total count
                 A         B        C        D         E       F
            +---------+---------+-------+---------+---------+-------
      Total |     228 |       0 |   0.0 |      64 |       0 |   0.0
            +---------+---------+-------+---------+---------+-------
        D:1 |      57 |       0 |   0.0 |      26 |       0 |   0.0
        D:2 |      64 |       0 |   0.0 |      19 |       0 |   0.0
        D:3 |     107 |       0 |   0.0 |      19 |       0 |   0.0
            +---------+---------+-------+---------+---------+-------
